AoeStats
← Morty

Lombardia

509710136Analyzed
4v4 RM · 3d ago on Sep 27, 2026· 25m 39s· 8 players
Game mode
Random Map
Map size
Large (8 player)
Population
200
Speed
Normal
Resources
Standard
Victory
Conquest
Starting age
Dark Age
Ending age
Imperial Age
RankedLock teamsTeams togetherTeam positionsShared explorationLock speedFull tech treeHidden civsTurbo modeCheats
Victory
Defeat
🇫🇷 Italians · France
923
+14
🇺🇸 Magyars · United States
890
+15
🇫🇷 Vietnamese · France
888
+16
🇫🇷 Malians · France
801
+19
🇷🇺 Goths · Russia
878
-16
🇷🇺 Vietnamese · Russia
877
-16
🇷🇺 Spanish · Russia
877
-16
🇷🇺 Saracens · Russia
877
-16
Tanguy
11:45 Feudal Age
17:06 Wheelbarrow
17:55 Stone Mining
18:10 Padded Archer Armor
18:00 Fletching
18:30 Double-Bit Axe
23:05 Castle Age
25:20 Leather Archer Armor
25:26 Crossbowman
26:13 Thumb Ring
laduve71
10:48 Feudal Age
17:31 Gold Mining
20:21 Castle Age
20:00 Bloodlines
21:08 Husbandry
21:20 Scale Barding Armor
21:03 Double-Bit Axe
21:03 Horse Collar
25:39 Gold Shaft Mining
Morty
7:23 Loom
9:47 Feudal Age
14:51 Wheelbarrow
14:21 Fletching
22:09 Castle Age
21:53 Stone Mining
21:51 Double-Bit Axe
21:48 Horse Collar
22:25 Crossbowman
23:11 Thumb Ring
-ET-85-
9:41 Feudal Age
14:34 Castle Age
13:51 Double-Bit Axe
24:13 Wheelbarrow
24:16 Padded Archer Armor
24:07 Fletching
IvanD
7:06 Loom
15:34 Feudal Age
17:21 Wheelbarrow
16:37 Double-Bit Axe
16:35 Horse Collar
18:42 Man-at-Arms
19:36 Gold Mining
20:15 Forging
20:06 Scale Mail Armor
20:33 Town Watch
27:50 Castle Age
Seeker
9:45 Loom
11:41 Feudal Age
12:26 Horse Collar
12:32 Double-Bit Axe
13:28 Wheelbarrow
24:03 Forging
24:01 Scale Barding Armor
Guardian of Tirisfal
0:31 Loom
10:58 Feudal Age
11:37 Double-Bit Axe
11:32 Horse Collar
19:39 Castle Age
18:55 Scale Mail Armor
18:31 Man-at-Arms
22:02 Wheelbarrow
21:58 Gambesons
22:13 Squires
23:00 Hand Cart
22:18 Long Swordsman
22:19 Pikeman
Shram
0:35 Loom
14:32 Feudal Age
15:00 Double-Bit Axe
15:00 Horse Collar
16:00 Wheelbarrow
15:12 Town Watch
19:06 Padded Archer Armor
24:13 Fletching
Connection lost

Rejoining the realm…

Still unreachable

The connection could not be restored.

Session expired

The server has moved on; the page needs a fresh start.